 Dungeon Crawl Stone Soup version 0.14-a0-2759-g5bb4bfe (webtiles) character file.

68471 Neoxx the Carver (level 16, 111/111 HPs)
             Began as a Formicid Hunter on Feb 23, 2014.
             Was the Champion of Nemelex Xobeh.
             Quit the game in a labyrinth on Feb 24, 2014.
             The game lasted 02:00:04 (21954 turns).

Neoxx the Carver (Formicid Hunter)                 Turns: 21954, Time: 02:00:04

HP 111/111       AC 26     Str 22 (23) XL: 16   Next: 12%
MP  29/29        EV  4     Int 10      God: Nemelex Xobeh [******]
Gold 1415        SH 28     Dex 16      Spells:  7 memorised,  1 level left

rFire  . . .     SeeInvis +     k - +6,+2 great sword (elec)
rCold  . . .     Clarity  .     c - -4 crystal plate armour "Zoiqaeb" {rPois MR++}
rNeg   . . .     Conserve .     p - +2 orc shield {AC+3}
rPois  .         rCorr    .     (helmet unavailable)
rElec  .         rRot     .     z - +0 cloak
SustAb . .       Spirit   .     F - +0 pair of elf gloves
rMut   .         Warding  .     a - +0 pair of boots
Saprov . . .     Stasis   +     m - amulet of faith
MR     +++..                    V - ring of sustenance
                                B - +3 ring of strength

@: extremely resistant to hostile enchantments, extremely unstealthy
A: permanent stasis, dig shafts and tunnels, four strong arms, poison weakness,
antennae 3, exoskeleton 1
a: Dig, Shaft Self, Draw One, Peek at Two, Triple Draw, Deal Four, Stack Five,
Renounce Religion


You were in a labyrinth.
You worshipped Nemelex Xobeh.
Nemelex Xobeh was exalted by your worship.
You were hungry.

You visited 3 branches of the dungeon, and saw 22 of its levels.
You also visited: Labyrinth, Ossuary and Volcano.

You collected 2468 gold pieces.
You spent 1025 gold pieces at shops.

Inventory:

Hand weapons
 k - a +6,+2 great sword of electrocution (weapon)
 O - the +2,+8 long sword of Twilight {vamp, rElec Dex+2}
   (You found it on level 10 of the Dungeon)

   It inflicts no extra harm, but heals its wielder somewhat when it strikes a
   living foe.
   It affects your dexterity (+2).
   It insulates you from electricity.
Missiles
 M - 5 curare-tipped needles
Armour
 a - a +0 pair of boots (worn)
 c - the -4 crystal plate armour "Zoiqaeb" (worn) {rPois MR++}
   (You acquired it on level 2 of the Lair of Beasts)

   It protects you from poison.
   It affects your resistance to hostile enchantments.
 p - a +2 orcish shield of protection (worn)
 z - a +0 cloak (worn)
 F - a +0 pair of elven gloves (worn)
Magical devices
 v - a wand of fire (2)
 J - a wand of polymorph (13)
 N - a wand of polymorph (5)
 Y - a wand of lightning (8)
Comestibles
 C - 9 meat rations
 K - a royal jelly
 Z - 2 bread rations
Scrolls
 b - 3 scrolls of fear
 h - a scroll of recharging
 n - a scroll of enchant armour
 q - a scroll of enchant weapon II
 r - a scroll of enchant weapon III
 t - 3 scrolls of magic mapping
 x - 2 scrolls of teleportation
 H - a scroll of fog
 I - a scroll of noise
 R - 12 scrolls of remove curse
Jewellery
 j - an uncursed ring of poison resistance
 m - an amulet of faith (around neck)
 o - an uncursed amulet of resist mutation
 B - a +3 ring of strength (left hand)
 E - a +4 ring of dexterity
 V - a ring of sustenance (right hand)
 X - an uncursed ring of protection from fire
Potions
 e - 2 potions of resistance
 f - 3 potions of agility
 i - a potion of magic
 s - 2 potions of flight
 u - 8 potions of curing
 Q - 3 potions of invisibility
 T - 3 potions of might
 W - 5 potions of heal wounds
Miscellaneous
 d - a legendary deck of summonings {the Crusade}
 g - a legendary deck of summonings {drawn: 1}
 l - an ornate deck of destruction {drawn: 3}
 w - a phial of floods
 y - a legendary deck of escape {drawn: 1}
 A - a lamp of fire
 D - an ornate deck of summonings {drawn: 1}
 G - an ornate deck of destruction {drawn: 1}
 L - an ornate deck of summonings {drawn: 1}
 P - an ornate deck of summonings {drawn: 1}
 S - a legendary deck of dungeons {drawn: 6}
 U - a lamp of fire


   Skills:
 - Level 10.8 Fighting
   Level 1.1 Short Blades
 + Level 14.5 Long Blades
   Level 2.2 Staves
 - Level 3.2 Throwing
 - Level 12.4 Armour
 - Level 1.7 Dodging
 - Level 6.0 Stealth
 - Level 11.0 Shields
 - Level 1.6 Translocations
 - Level 11.1 Evocations


You had one spell level left.
You knew the following spells:

 Your Spells              Type           Power        Failure   Level  Hunger
a - Apportation           Tloc           #.........   100%        1    ##.....
b - Swiftness             Chrm/Air       #.......     100%        2    ###....
c - Passwall              Trmt/Erth      #.........   100%        3    ####...
d - Passage of Golubria   Tloc           N/A          100%        4    #####..
e - Summon Butterflies    Summ           #.......     100%        1    ##.....
f - Animate Skeleton      Necr           N/A          100%        1    ##.....
g - Shroud of Golubria    Chrm/Tloc      #.........   100%        2    ###....


Dungeon Overview and Level Annotations

Branches:
Dungeon (13/16)            Temple (1/1) D:7             Orc (0/4) D:12
   Lair (8/8) D:10         Shoals (0/5) Lair:3       Spider (0/5) Lair:3
  Slime (0/6) Lair:8

Altars:
Ashenzari
Cheibriados
Dithmenos
Elyvilon
Fedhas
Kikubaaqudgha
Nemelex Xobeh
Okawaru
Sif Muna
Trog
Vehumet
Xom
Yredelemnul
Zin
The Shining One

Shops:
D:4 (   D:10 *[/

Portals:
Ziggurat: Lair:8
Trove: D:11 (give 13 scrolls of teleportation)

Annotations:
D:8 exclusion: oklob plant
Lair:2 exclusion: door


Innate Abilities, Weirdness & Mutations

Your are under a permanent stasis effect.
You can dig through walls and to a lower floor.
Your four strong arms can wield any weapon, most with a shield.
You are susceptible to poison.
You have a pair of large antennae on your head (SInv).
Your body is surrounded by an exoskeleton. (AC +1)


Message History

You kill the trapdoor spider!
Put on which piece of jewellery? (? for menu, Esc to quit)
You're wearing all the rings you can.
Remove which one? (? for menu, Esc to cancel) < or
j - a ring of poison resistance; > or
V - a ring of sustenance You remove your ring of poison resistance.
You feel stronger.
B - a +3 ring of strength (left hand) Use which ability? (? or * to list)
You extend your mandibles.
You can't dig through that.
You hear the creaking of ancient gears!
You are feeling hungry.
Save game and exit?
Welcome back, Neoxx the Formicid Hunter.
Nemelex Xobeh says: It's all in the cards!
Press ? for a list of commands and other information.
Save game and exit?
Okay, then.
Are you sure you want to abandon this character and quit the game? (Confirm with "yes".)

### . #. ####
###########
..#.#
#.........# #. .
.## ## #.#.#.#
.#. # .......#
#..#..#.....#
#.##
####.###..#@...#
..# #.
.#../#.##....#
#.# ###.###.#..#
#.. .#. # #
........##.# ..#
. #
####.###....#..#
....... . . .#.
# .. ##.# .#
.###.#.## # #.
#. . .# ... ## #
#.# #.


There were no monsters in sight!

Vanquished Creatures
  Rupert (Lair:6)
  2 hydras
  An unseen horror (D:12)
  3 hill giants
  A flaming corpse (Volcano)
  4 elephants (Lair:5)
  2 slime creatures (D:12)
  2 cyclopes (D:13)
  13 spiny frogs
  A feature mimic (Ossuary)
  A centaur zombie (D:11)
  2 black mambas
  A hydra zombie (D:12)
  9 komodo dragons
  A spriggan (D:7)
  A troll (D:13)
  20 blink frogs
  3 giant leeches (Lair:8)
  A raven (Lair:5)
  A boulder beetle (Lair:6)
  2 two-headed ogres
  6 ugly things (D:13)
  A hungry ghost (D:9)
  2 trapdoor spiders (Lab)
  2 elephant slugs
  A toenail golem (Volcano)
  A hill giant zombie (D:8)
  5 sharks
  16 yaks
  A basilisk (Lair:7)
  11 vampire mosquitoes
  A soldier ant (D:9)
  8 hippogriffs
  10 wolves (Lair:6)
  A necrophage (D:5)
  5 orc warriors
  10 porcupines
  2 black bears
  2 sky beasts
  2 ice beasts
  2 giant goldfish (Lair:8)
  9 centaurs
  A lava worm (Volcano)
  6 ogres
  9 crocodiles
  3 elf zombies (Ossuary)
  2 big kobolds
  10 giant slugs
  Blork the orc (D:7)
  13 water moccasins
  6 agate snails
  30 giant frogs
  9 wights
  A killer bee (D:11)
  A troll skeleton (D:9)
  A yak skeleton (D:11)
  A lava snake (Volcano)
  6 electric eels
  6 crimson imps
  2 goliath beetles
  11 hounds
  2 pulsating lumps (Lair:8)
  3 big fish (Lair:8)
  A gnoll shaman (D:8)
  A human zombie (Ossuary)
  2 giant frog skeletons
  10 orc priests
  6 spiders (Lair:3)
  4 jellies
  9 orc wizards
  3 worker ants
  4 iguanas
  4 scorpions
  28 sheep
  Ijyb (D:5)
  Jessica (D:3)
  A crocodile skeleton (D:13)
  A sky beast zombie (D:8)
  A hound zombie (Ossuary)
  4 mummies (Ossuary)
  8 gnolls
  23 adders
  6 giant centipedes
  16 green rats
  An inept feature mimic (D:7)
  A giant mite (D:2)
  5 worms
  2 adder zombies (Ossuary)
  5 giant eyeballs
  8 giant geckos
  3 oozes
  43 orcs
  A ball python (D:3)
  A bat skeleton (D:8)
  8 giant cockroaches
  11 goblins
  10 hobgoblins
  36 jackals
  8 quokkas
  17 bats
  2 giant newts
  2 giant spores (D:8)
  A hobgoblin skeleton (D:5)
  A hobgoblin zombie (D:7)
  A jackal zombie (Ossuary)
  31 kobolds
  A kobold skeleton (D:6)
  A kobold zombie (Ossuary)
  2 orc zombies
  A quokka zombie (D:8)
  17 rats
  A rat zombie (Ossuary)
  4 ballistomycetes (D:8)
  A plant (D:10)
654 creatures vanquished.

Vanquished Creatures (collateral kills)
  Gastronok (Lair:2)
  3 hydras
  3 death yaks (Lair:7)
  An unseen horror (D:13)
  A statue (Volcano)
  2 slime creatures (D:12)
  A spiny frog (Lair:1)
  A black mamba (Lair:6)
  2 komodo dragons
  A giant firefly (Lair:7)
  3 trolls
  A fire vortex (Volcano)
  2 fire bats (Volcano)
  An ugly thing (Volcano)
  4 yaks
  A hungry ghost (D:9)
  A vampire mosquito (D:11)
  A hill giant skeleton (D:11)
  A molten gargoyle (Volcano)
  A soldier ant (D:13)
  A porcupine (Lair:1)
  4 lava worms (Volcano)
  A giant frog (Lair:6)
  5 killer bees (D:11)
  A lava snake (Volcano)
  2 wights (D:12)
  2 goliath beetles
  A quasit (Volcano)
  2 spiders (Lair:3)
  An orc wizard (D:9)
  2 iguanas
  3 orcs
  2 jackals (Lair:1)
59 creatures vanquished.

Vanquished Creatures (others)
  A skeletal warrior (Volcano)
  2 dancing weapons
  An orange demon (Volcano)
  2 giant fireflies (Lair:7)
  A grizzly bear (Lair:8)
  3 ugly things
  A vampire mosquito (D:11)
  7 yellow wasps (D:12)
  An insubstantial wisp (D:10)
  2 orange rats
  A big kobold zombie (Ossuary)
  A shadow imp (D:12)
  A white imp (D:9)
  A bush (D:6)
  10 fungi (Lair:8)
  A plant (Lair:8)
36 creatures vanquished.

Grand Total: 749 creatures vanquished

Notes
Turn   | Place    | Note
--------------------------------------------------------------
     0 | D:1      | Neoxx, the Formicid Hunter, began the quest for the Orb.
     0 | D:1      | Reached XP level 1. HP: 14/14 MP: 1/1
    99 | D:1      | Reached XP level 2. HP: 17/19 MP: 2/2
   536 | D:1      | Reached XP level 3. HP: 24/24 MP: 3/3
   710 | D:1      | Reached skill level 4 in Stealth
   710 | D:1      | Reached XP level 4. HP: 24/29 MP: 4/4
  1186 | D:2      | Reached skill level 5 in Stealth
  1354 | D:2      | Reached XP level 5. HP: 34/34 MP: 5/5
  1698 | D:2      | Reached skill level 6 in Stealth
  2347 | D:3      | Reached XP level 6. HP: 27/41 MP: 6/6
  2394 | D:3      | Noticed a centaur
  2399 | D:3      | Noticed Jessica
  2403 | D:3      | Killed a centaur
  2418 | D:3      | Killed Jessica
  2907 | D:4      | Got a shimmering long sword
  2936 | D:4      | Reached XP level 7. HP: 23/49 MP: 7/7
  2948 | D:4      | Identified the +11,+7 long sword "Geekydd" {freeze, rF+} (You found it on level 4 of the Dungeon)
  3346 | D:4      | Reached skill level 1 in Long Blades
  3354 | D:4      | Found Hed Smipsu's Antique Weapon Emporium.
  3474 | D:4      | Found a shadowy altar of Dithmenos.
  3760 | D:5      | Entered Level 5 of the Dungeon
  4099 | D:5      | Reached XP level 8. HP: 34/54 MP: 8/8
  4128 | D:5      | Noticed Ijyb
  4141 | D:5      | Killed Ijyb
  4298 | D:5      | Reached skill level 5 in Long Blades
  4396 | D:5      | Found a sand-covered staircase.
  4402 | Ossuary  | Entered an ossuary
  4706 | Ossuary  | Killed a door mimic
  4706 | Ossuary  | Reached skill level 7 in Long Blades
  4706 | Ossuary  | Reached XP level 9. HP: 50/59 MP: 9/9
  5089 | D:6      | Reached skill level 8 in Long Blades
  5110 | D:6      | Found a blossoming altar of Fedhas.
  5165 | D:6      | Found a radiant altar of Vehumet.
  5362 | D:6      | Reached skill level 9 in Long Blades
  5575 | D:6      | Reached skill level 1 in Shields
  5808 | D:6      | Found a radiant altar of Vehumet.
  5960 | D:7      | Reached XP level 10. HP: 65/65 MP: 10/10
  6077 | D:7      | Reached skill level 10 in Long Blades
  6160 | D:7      | Noticed a spriggan baker
  6161 | D:7      | Killed a spriggan baker
  6598 | D:7      | Noticed Blork the orc
  6605 | D:7      | Killed Blork the orc
  6614 | D:7      | Found a staircase to the Ecumenical Temple.
  6620 | Temple   | Entered the Ecumenical Temple
  6689 | Temple   | Became a worshipper of Nemelex Xobeh
  6730 | D:7      | Received a gift from Nemelex Xobeh
  6869 | D:7      | Acquired Nemelex Xobeh's first power
  7195 | D:6      | Acquired Nemelex Xobeh's second power
  7226 | D:6      | Received a gift from Nemelex Xobeh
  7451 | D:8      | Reached skill level 1 in Evocations
  7586 | D:8      | Found a shadowy altar of Dithmenos.
  7588 | D:8      | Noticed an oklob plant
  7873 | D:8      | Reached skill level 5 in Evocations
  8081 | D:8      | Identified a scroll of acquirement
  8213 | D:8      | Acquired Nemelex Xobeh's third power
  8365 | D:8      | Received a gift from Nemelex Xobeh
  8886 | D:9      | Acquired Nemelex Xobeh's fourth power
  8929 | D:9      | Reached skill level 14 in Long Blades
  8929 | D:9      | Reached XP level 11. HP: 70/70 MP: 21/21
  8985 | D:9      | Noticed a hill giant
  9008 | D:9      | Reached skill level 5 in Fighting
  9029 | D:9      | Killed a hill giant
  9034 | D:9      | Received a gift from Nemelex Xobeh
  9583 | D:9      | Acquired Nemelex Xobeh's fifth power
  9659 | D:9      | Received a gift from Nemelex Xobeh
  9681 | D:9      | Reached skill level 5 in Shields
  9686 | D:9      | Gained mutation: You are partially covered in large bone plates (AC +2, SH +2). [potion of beneficial mutation]
 10276 | D:10     | Entered Level 10 of the Dungeon
 10281 | D:10     | Reached XP level 12. HP: 73/77 MP: 23/23
 10299 | D:10     | Found a staircase to the Lair.
 10306 | D:10     | Found Ynwataf's Magical Wand Emporium.
 10332 | D:10     | Bought a wand of draining (1) for 70 gold pieces
 10380 | D:10     | Found Akaschau's Antique Armour Emporium.
 10386 | D:10     | Bought a crude chain mail for 592 gold pieces
 10386 | D:10     | Bought a jewelled ring mail for 333 gold pieces
 10406 | D:10     | Identified the +0 chain mail of Somewhere Else {Dex+5} (You bought it in a shop on level 10 of the Dungeon)
 10420 | D:10     | Identified the +8 ring mail "Uplotraufe" {rF++ Str+2 Dam-4} (You bought it in a shop on level 10 of the Dungeon)
 10490 | D:10     | Reached skill level 5 in Armour
 10549 | D:10     | Received a gift from Nemelex Xobeh
 10581 | D:10     | Found Datiboeh's General Store.
 10585 | D:10     | Bought a scroll of identify for 30 gold pieces
 10623 | D:10     | Got an ancient long sword
 11254 | D:11     | Identified the +2,+8 long sword of Twilight {vamp, rElec Dex+2} (You found it on level 10 of the Dungeon)
 11478 | D:11     | Found a portal to a secret trove of treasure.
 11712 | D:12     | Received a gift from Nemelex Xobeh
 12190 | D:12     | Reached skill level 10 in Evocations
 12195 | D:12     | Received a gift from Nemelex Xobeh
 12350 | D:12     | Found a staircase to the Orcish Mines.
 12678 | D:12     | Noticed an unseen horror
 12698 | D:12     | Killed an unseen horror
 12754 | D:12     | Received a gift from Nemelex Xobeh
 13123 | D:13     | Reached XP level 13. HP: 33/83 MP: 11/27
 13277 | D:13     | Noticed an unseen horror
 13283 | D:13     | Killed an unseen horror
 13332 | D:13     | Received a gift from Nemelex Xobeh
 13524 | D:13     | Found a shimmering altar of Xom.
 13906 | Lair:1   | Entered Level 1 of the Lair of Beasts
 13949 | Lair:1   | Received a gift from Nemelex Xobeh
 14197 | Lair:1   | Noticed a seven-headed hydra
 14200 | Lair:1   | Killed a seven-headed hydra
 14711 | Lair:2   | Learned a level 1 spell: Apportation
 14714 | Lair:2   | Learned a level 2 spell: Swiftness
 14762 | Lair:2   | Noticed a seven-headed hydra
 14767 | Lair:2   | Received a gift from Nemelex Xobeh
 14769 | Lair:2   | Killed a seven-headed hydra
 14946 | Lair:1   | Learned a level 3 spell: Passwall
 14951 | Lair:1   | Learned a level 4 spell: Passage of Golubria
 15056 | Lair:2   | Learned a level 1 spell: Summon Butterflies
 15097 | Lair:2   | Got a warped crystal plate armour
 15118 | Lair:2   | Identified the -4 crystal plate armour "Zoiqaeb" {rPois MR++} (You acquired it on level 2 of the Lair of Beasts)
 15462 | Lair:2   | Noticed Gastronok
 15466 | Lair:2   | Received a gift from Nemelex Xobeh
 15477 | Lair:2   | Killed Gastronok
 15477 | Lair:2   | Reached skill level 1 in Translocations
 15765 | Lair:3   | Found a hole to the Spider Nest.
 15865 | Lair:3   | Found a staircase to the Shoals.
 16025 | Lair:3   | Received a gift from Nemelex Xobeh
 16099 | Lair:3   | Received a gift from Nemelex Xobeh
 16157 | Lair:3   | Lost mutation: You are partially covered in large bone plates (AC +2, SH +2). [helix card]
 16176 | Lair:3   | Reached skill level 1 in Staves
 16563 | Lair:3   | Received a gift from Nemelex Xobeh
 16822 | Lair:4   | Identified the Tome of Sinister Secrets (You found it on level 4 of the Lair of Beasts)
 16934 | Lair:4   | Reached XP level 14. HP: 85/93 MP: 28/28
 17373 | Lair:4   | Found a dark tunnel.
 17386 | Volcano  | Entered a volcano
 17480 | Volcano  | Found a burning altar of Makhleb.
 17515 | Volcano  | Received a gift from Nemelex Xobeh
 17987 | Lair:5   | Found a glowing golden altar of the Shining One.
 18524 | Lair:5   | Reached skill level 10 in Armour
 18524 | Lair:5   | Reached XP level 15. HP: 97/101 MP: 29/29
 18751 | Lair:6   | Identified the Incunabulum of the Hippo
 18773 | Lair:6   | Noticed Rupert
 18773 | Lair:6   | Received a gift from Nemelex Xobeh
 18785 | Lair:6   | Killed Rupert
 18948 | Lair:6   | Received a gift from Nemelex Xobeh
 19866 | Lair:7   | Received a gift from Nemelex Xobeh
 19886 | Lair:7   | Learned a level 1 spell: Animate Skeleton
 19889 | Lair:7   | Learned a level 2 spell: Shroud of Golubria
 19981 | Lair:7   | Reached skill level 10 in Shields
 20076 | Lair:7   | Reached skill level 10 in Fighting
 20431 | Lair:7   | Received a gift from Nemelex Xobeh
 20485 | Lair:8   | Entered Level 8 of the Lair of Beasts
 20504 | Lair:8   | Found a staircase to the Slime Pits.
 20877 | Lair:8   | Received a gift from Nemelex Xobeh
 21255 | Lair:8   | Reached XP level 16. HP: 71/111 MP: 29/29
 21271 | Lair:8   | Received a gift from Nemelex Xobeh
 21714 | Lair:8   | Received a gift from Nemelex Xobeh
 21762 | Lab      | Entered a labyrinth
 21953 | Lab      | Upgraded the game from 0.14-a0-2746-g43b4f9c to 0.14-a0-2759-g5bb4bfe
 21954 | Lab      | Quit the game

Action                   |  1- 3 |  4- 6 |  7- 9 | 10-12 | 13-15 | 16-18 || total
-------------------------+-------+-------+-------+-------+-------+-------++-------
Melee: Short sword       |    43 |    16 |       |       |       |       ||    59
       Whip              |       |   147 |     2 |       |       |       ||   149
       Long sword        |       |       |   172 |   608 |  1384 |   130 ||  2294
       Great sword       |       |       |       |       |       |     5 ||     5
Throw: Dart              |    24 |    55 |    41 |    15 |       |       ||   135
       Stone             |     3 |       |       |       |       |       ||     3
       Large rock        |     4 |     9 |    31 |    24 |     4 |       ||    72
       Throwing net      |       |       |     2 |     1 |       |       ||     3
Invok: Draw One          |       |       |       |    56 |    72 |     6 ||   134
       Triple Draw       |       |       |       |     1 |     1 |       ||     2
       Stack Five        |       |       |       |     1 |     1 |       ||     2
       Peek at Two       |       |       |       |       |     1 |       ||     1
 Abil: Dig               |       |     4 |     3 |    15 |    22 |     2 ||    46
Evoke: Wand              |       |     1 |     2 |     2 |    11 |     1 ||    17
       Lamp of fire      |       |       |       |       |     1 |       ||     1
  Use: Potion            |       |       |     3 |     1 |     3 |       ||     7
       Scroll            |       |       |    27 |    14 |    10 |     2 ||    53
 Stab: Sleeping          |       |     5 |       |     2 |     3 |       ||    10
       Paralysed         |       |     1 |     3 |       |       |       ||     4
       Held in net/web   |       |       |     2 |     2 |       |       ||     4
       Distracted        |       |       |       |     3 |     3 |     1 ||     7
       Confused          |       |       |       |       |       |     1 ||     1
